 Dungeon Crawl Stone Soup version 0.28.0-53-g5a82cb258f (webtiles) character file.

Game seed: 11962895733113032724

16513 mcbry74 the Grappler (level 12, -15/114 HPs)
             Began as a Troll Fighter on July 9, 2022.
             Was a High Priest of Okawaru.
             Demolished by an orc knight
             ... wielding a +0 trident
              (39 damage)
             ... in a bailey.
             The game lasted 00:48:53 (10453 turns).

mcbry74 the Grappler (Troll Fighter)               Turns: 10453, Time: 00:48:53

Health: -15/114    AC: 13    Str: 32    XL:     12   Next: 10%
Magic:  10/15      EV: 14    Int:  6    God:    Okawaru [*****.]
Gold:   933        SH: 11    Dex: 21    Spells: 11/11 levels left

rFire   . . .      SeeInvis .     - Unarmed
rCold   . . .      Faith    +   b - +1 kite shield
rNeg    + . .      Spirit   .   H - +1 swamp dragon scales
rPois   +          Reflect  .   (helmet restricted)
rElec   .          Harm     .   v - +2 cloak
rCorr   .          Rampage  .   (gloves unavailable)
Will    .....                   (boots unavailable)
Stlth   +.........              L - amulet of faith
HPRegen 1.09/turn               k - ring "Fikodoc" {EV+4 Str+3 Dex+5}
MPRegen 0.14/turn               m - ring "Suthifex" {rN+ Dex+7}

@: finesse-ful
A: large, unfitting armour, claws 3, regeneration 1, shaggy fur 1, tough skin 1
a: Renounce Religion, Heroism, Finesse, Duel


You were in a bailey.
You worshipped Okawaru.
Okawaru was extremely pleased with you.
You visited 2 branches of the dungeon, and saw 11 of its levels.
You also visited: Bailey.

You collected 933 gold pieces.

Inventory:

Hand Weapons
 d - a +5 morningstar of protection
 e - the +3 eveningstar "Worm's Wrath" {vorpal, rC+ MP+9 Str+2}
   (You acquired it on level 8 of the Dungeon)

   It inflicts extra damage upon your enemies.
   Str:       It affects your strength (+2).
   rC:        It protects you from cold.
   MP:        It affects your magic capacity (+9).
 j - a +0 giant club
 w - a +0 giant spiked club
 y - a +1 flail of pain
 C - a +1 dire flail of draining
 I - a +4 hunting sling
 S - the +5 giant spiked club of Tiw Siuh {freeze, rPois rC+ Stlth+}
   (Okawaru gifted it to you on level 10 of the Dungeon)

   It freezes those it strikes, dealing additional cold damage.
   It can also slow down cold-blooded creatures.
   rC:        It protects you from cold.
   rPois:     It protects you from poison.
   Stlth:     It makes you more stealthy.
Missiles
 f - 19 large rocks
 i - 18 poisoned darts (quivered)
 q - 2 boomerangs of dispersal
 A - 4 throwing nets
 M - 10 atropa-tipped darts
Armour
 a - a +0 robe
 b - a +1 kite shield (worn)
 g - +0 steam dragon scales
 v - a +2 cloak (worn)
 D - a +1 robe of willpower
 H - +1 swamp dragon scales (worn)
Jewellery
 k - the ring "Fikodoc" (left claw) {EV+4 Str+3 Dex+5}
   (You took it off a centaur warrior on level 8 of the Dungeon)

   [ring of evasion]

   EV:        It affects your evasion (+4).
   Str:       It affects your strength (+3).
   Dex:       It affects your dexterity (+5).
 m - the ring "Suthifex" (right claw) {rN+ Dex+7}
   (You found it on level 8 of the Dungeon)

   [ring of positive energy]

   Dex:       It affects your dexterity (+7).
   rN:        It protects you from negative energy.
 n - the ring "Oqu Ciq" {Fly rElec rC+ Int+2 Dex+5}
   (You took it off a centaur warrior on level 8 of the Dungeon)

   [ring of flight]

   Int:       It affects your intelligence (+2).
   Dex:       It affects your dexterity (+5).
   rC:        It protects you from cold.
   rElec:     It insulates you from electricity.
   Fly:       It grants you flight.
 u - the ring "Zapsaen" {rN+ MP+9 Str-2 Stlth+}
   (You found it on level 8 of the Dungeon)

   [ring of magical power]

   Str:       It affects your strength (-2).
   rN:        It protects you from negative energy.
   MP:        It affects your magic capacity (+9).
   Stlth:     It makes you more stealthy.
 L - an amulet of faith (around neck)
Wands
 o - a wand of iceblast (11)
 B - a wand of polymorph (15)
 E - a wand of acid (10)
Scrolls
 p - 2 scrolls of vulnerability
 J - a scroll of amnesia
 K - a scroll of fog
 N - a scroll of teleportation
 P - a scroll of blinking {unknown}
 Q - a scroll of identify
 R - a scroll of holy word {unknown}
 T - a scroll of acquirement
Potions
 c - 4 potions of curing
 h - a potion of heal wounds {unknown}
 l - 3 potions of mutation
 r - a potion of haste {unknown}
 s - 3 potions of brilliance
 t - 2 potions of lignification
 x - a potion of attraction {unknown}
 z - a potion of magic {unknown}
 F - a potion of berserk rage
 G - a potion of flight {unknown}
 O - a potion of cancellation {unknown}


   Skills:
 - Level 6.0 Fighting
 * Level 6.9 Maces & Flails
 + Level 7.7 Throwing
 + Level 2.3 Armour
 + Level 4.2 Dodging
 - Level 4.0 Shields
 - Level 12.1 Unarmed Combat
 + Level 5.9 Invocations


You had 11 spell levels left.
You didn't know any spells.
Your spell library contained the following spells:

 Spells                   Type           Power      Damage    Failure   Level
 Shock                    Conj/Air       0%         1d3       85%         1
 Ensorcelled Hibernation  Hex/Ice        0%         N/A       94%         2
 Portal Projectile        Hex/Tloc       0%         N/A       99%         3
 Spider Form              Tmut/Pois      0%         N/A       99%         3
 Anguish                  Hex/Necr       0%         N/A       100%        4
 Blade Hands              Tmut           0%         N/A       100%        5
 Excruciating Wounds      Necr           0%         N/A       100%        5


Dungeon Overview and Level Annotations

Branches:
Dungeon (10/15)            Temple (1/1) D:6            Lair (0/6) D:10
 Bailey (1/1)
    Orc: D:9-12

Altars:
Ashenzari
Cheibriados
Dithmenos
Elyvilon
Fedhas
Gozag
Hepliaklqana
Kikubaaqudgha
Makhleb
Nemelex Xobeh
Okawaru
Qazlal
Ru
Sif Muna
Trog
Uskayaw
Vehumet
Wu Jian
Xom
Yredelemnul
Zin
The Shining One

Shops:
D:7 [   D:10 [


Innate Abilities, Weirdness & Mutations

You are too large for most types of armour.
You have claws for hands.
Your natural rate of healing is unusually fast.
You are covered in fur. (AC +1)
You have tough skin. (AC +1)


Message History

You scratch the orc warrior.
The orc warrior is severely wounded.
You mangle the orc warrior!!
You kill the orc warrior!
Okawaru accepts your kill.
You open the door.
An orc comes into view. It is wielding a +0 trident.
The orc shouts!
The orc hits you but does no damage. You block the orc's attack.
There is an open door here.
You mangle the orc!!
You kill the orc!
Okawaru accepts your kill.
Things that are here:
a +0 trident; a +0 ring mail
There is an open door here.
You open the gate.
Found a scroll of acquirement.
Found two gates leading back out of this place.
There is an open gate here.
T - a scroll of acquirement You open the door.
An orc warrior and 3 orc knights come into view.
The orc knight shouts!
The orc warrior shouts!
The orc knight shouts!
The orc knight roars a battlecry!
The orcs go into a battle-frenzy!
The orc knight roars a battlecry!
The orc knight goes into a battle-frenzy!
Found a short jewelled staff and a shimmering leather armour.
The orc knight hits you from afar with a +0 trident!!!
There is a gate leading back out of this place, spattered with blood here.
You can now deal lightning-fast blows.
The orc knight hits you from afar with a +0 halberd!!
The orc knight hits you from afar with a +0 trident!!
* * * LOW HITPOINT WARNING * * *
You block the orc knight's attack. You block the orc warrior's attack.
The orc knight closely misses you.
The orc knight hits you from afar with a +0 trident!!!
You die...

.≈≈###≈≈...............≈≈###≈≈...
.≈##.##≈...............≈##.##≈...
.≈#.....................))..#≈...
.≈##)∩#≈...............≈#∩.##≈...
.≈≈#)##≈....#######....≈##.#≈≈...
..≈≈.≈≈≈....##....##...≈≈≈.≈≈....
...).)......##.....##............
............##'''#..##...........
........##..##∩o@##..#...........
........##.####o####.##..........
........##.')#oo.#)'.##..........
........##.###.8o###.##..........
........##.')#[.|#)'.##..........
........##.#########.##..........
.........#..##)#)##..#...........
.........##..#'#'#..##...........
..........##.......##....).......


You could see 3 orc knights and an orc warrior (strong).

Vanquished Creatures
  Harold (D:8)
  Erolcha (D:9)
  3 two-headed ogres
  2 centaur warriors (D:8)
  An ugly thing (D:10)
  3 cyclopes (D:8)
  The ghost of Garym the Skirmisher, a novice MiBe of Trog (D:4)
  Joseph (D:8)
  Maurice (D:8)
  Maggie (D:8)
  A hornet (D:8)
  2 trolls (D:10)
  Prince Ribbit (D:7)
  3 wyverns
  11 yaks
  Sigmund (D:2)
  A basilisk (shapeshifter) (D:8)
  A steam dragon (D:8)
  2 swamp worms (D:8)
  5 vampire mosquitoes (D:8)
  Edmund (D:5)
  An acid dragon (D:8)
  2 water moccasins
  A sky beast (D:7)
  2 ice beasts
  9 orc warriors
  A black bear (D:6)
  3 necrophages
  4 ogres
  4 centaurs
  A phantom (D:7)
  3 kobold brigands
  8 bullfrogs
  3 scorpions
  2 gnoll sergeants
  2 wyvern zombies
  7 wights
  9 killer bees
  3 howler monkeys (D:8)
  A bullfrog zombie (D:6)
  4 centaur zombies
  4 orc priests
  A bullfrog skeleton (D:6)
  A centaur skeleton (D:6)
  A hound (D:5)
  3 iguanas
  Jessica (D:2)
  9 orc wizards
  2 killer bee zombies
  3 howler monkey zombies
  A howler monkey skeleton (D:5)
  12 gnolls
  6 adders
  A shadow imp (D:6)
  A white imp (D:5)
  2 ufetubi (D:6)
  An adder zombie (D:5)
  3 worms
  A dart slug (D:1)
  33 orcs
  6 bats
  11 endoplasms
  5 giant cockroaches
  14 goblins
  7 hobgoblins
  6 quokkas
  4 ball pythons
  5 frilled lizards
  18 kobolds
  10 rats
  A bush (D:6)
287 creatures vanquished.

Vanquished Creatures (others)
  An orc (Bailey)
  3 plants (D:8)
4 creatures vanquished.

Grand Total: 291 creatures vanquished

Notes
Turn   | Place    | Note
-------+----------+-------------------------------------------
     0 | D:1      | mcbry74 the Troll Fighter began the quest for the Orb.
     0 | D:1      | Reached XP level 1. HP: 22/22 MP: 0/0
   205 | D:1      | Reached XP level 2. HP: 27/29 MP: 1/1
   542 | D:1      | Found a faded altar of an unknown god.
   674 | D:1      | Reached XP level 3. HP: 36/36 MP: 2/2
  1141 | D:2      | Noticed Sigmund
  1148 | D:2      | Killed Sigmund
  1149 | D:2      | Reached skill level 3 in Unarmed Combat
  1149 | D:2      | Reached XP level 4. HP: 42/45 MP: 3/3
  1149 | D:2      | Reached XP level 5. HP: 49/53 MP: 4/4
  1177 | D:2      | You fall into a shaft and drop 2 floors!
  1186 | D:4      | Noticed an ogre
  1206 | D:4      | Killed an ogre
  1207 | D:4      | Reached skill level 4 in Unarmed Combat
  1207 | D:4      | Reached XP level 6. HP: 36/61 MP: 5/5
  1545 | D:4      | Reached skill level 5 in Unarmed Combat
  1758 | D:4      | Found a runed translucent gate.
  1807 | D:4      | Found a runed translucent gate.
  1808 | D:4      | Found a runed translucent gate.
  1810 | D:4      | Noticed Garym's ghost (novice MiBe)
  1832 | D:4      | Killed Garym's ghost
  1833 | D:4      | Reached skill level 7 in Unarmed Combat
  1833 | D:4      | Reached XP level 7. HP: 23/67 MP: 6/6
  2696 | D:2      | Noticed Jessica
  2708 | D:2      | Killed Jessica
  2709 | D:2      | Reached skill level 1 in Throwing
  2988 | D:4      | Reached skill level 8 in Unarmed Combat
  3026 | D:4      | Reached XP level 8. HP: 65/75 MP: 7/7
  3263 | D:5      | Entered Level 5 of the Dungeon
  3571 | D:5      | Reached skill level 9 in Unarmed Combat
  3899 | D:5      | Noticed Edmund
  3903 | D:5      | Killed Edmund
  4049 | D:6      | Found a staircase to the Ecumenical Temple.
  4055 | Temple   | Entered the Ecumenical Temple
  4104 | Temple   | Became a worshipper of Warmaster Okawaru
  4326 | D:6      | Found a burning altar of Makhleb.
  4409 | D:6      | Found a white marble altar of Elyvilon.
  4572 | D:6      | Reached skill level 10 in Unarmed Combat
  4761 | D:6      | Reached XP level 9. HP: 70/81 MP: 8/8
  4939 | D:6      | Reached skill level 1 in Maces & Flails
  4998 | D:6      | Reached * piety under Okawaru
  5403 | D:7      | Noticed Prince Ribbit
  5421 | D:7      | Reached skill level 1 in Invocations
  5467 | D:7      | Killed Prince Ribbit
  5468 | D:7      | Reached skill level 5 in Throwing
  5765 | D:7      | Found a shimmering blue altar of Sif Muna.
  5773 | D:7      | Found an ancient bone altar of Kikubaaqudgha.
  5775 | D:7      | Reached ** piety under Okawaru
  5780 | D:7      | Found a radiant altar of Vehumet.
  5898 | D:7      | Got Vehumet's Reference Book on Attacks
  5980 | D:7      | Found Pucanej's Armour Emporium.
  6026 | D:7      | Reached skill level 11 in Unarmed Combat
  6543 | D:8      | Identified a scroll of acquirement
  6543 | D:8      | Acquired a +3 morningstar of protection
  6574 | D:8      | Found a hide-covered altar of Uskayaw.
  6764 | D:8      | Reached XP level 10. HP: 92/92 MP: 10/10
  7107 | D:8      | Acquired the +3 eveningstar "Worm's Wrath" {vorpal, rC+
                  | MP+9 Str+2}
  7253 | D:8      | Reached *** piety under Okawaru
  7409 | D:8      | Identified the ring "Fikodoc" {EV+4 Str+3 Dex+5}
  7409 | D:8      | Noticed a centaur warrior
  7419 | D:8      | Killed a centaur warrior
  7516 | D:8      | Noticed a cyclops
  7523 | D:8      | Killed a cyclops
  7524 | D:8      | Reached skill level 5 in Fighting
  7534 | D:8      | Identified the ring "Oqu Ciq" {Fly rElec rC+ Int+2 Dex+5}
  7534 | D:8      | Noticed a centaur warrior
  7544 | D:8      | Killed a centaur warrior
  7601 | D:8      | Identified the ring "Suthifex" {rN+ Dex+7}
  7605 | D:8      | Noticed a cyclops
  7609 | D:8      | Killed a cyclops
  7609 | D:8      | Reached **** piety under Okawaru
  7609 | D:8      | Noticed a cyclops
  7613 | D:8      | Killed a cyclops
  7614 | D:8      | Reached XP level 11. HP: 96/104 MP: 13/13
  7629 | D:8      | Identified the ring "Zapsaen" {rN+ MP+9 Str-2 Stlth+}
  7754 | D:8      | Noticed Maurice
  7787 | D:8      | Killed Maurice
  7788 | D:8      | Reached skill level 5 in Maces & Flails
  7849 | D:8      | Found a shimmering altar of Xom.
  7849 | D:8      | Found a blossoming altar of Fedhas.
  8109 | D:8      | Noticed Harold
  8119 | D:8      | Killed Harold
  8209 | D:8      | Noticed Maggie
  8216 | D:8      | Killed Maggie
  8217 | D:8      | Reached skill level 5 in Invocations
  8418 | D:8      | Reached skill level 12 in Unarmed Combat
  8494 | D:8      | Noticed a two-headed ogre
  8498 | D:8      | Killed a two-headed ogre
  8713 | D:8      | Noticed Joseph
  8736 | D:8      | Killed Joseph
  8786 | D:8      | Found a snail-covered altar of Cheibriados.
  8966 | D:9      | Noticed Erolcha
  8981 | D:9      | Killed Erolcha
  8982 | D:9      | Reached skill level 1 in Armour
  9110 | D:9      | Reached ***** piety under Okawaru
  9267 | D:9      | Received a gift from Okawaru
  9440 | D:9      | Noticed a two-headed ogre
  9462 | D:9      | Killed a two-headed ogre
  9500 | D:9      | Received a gift from Okawaru
  9815 | D:10     | Entered Level 10 of the Dungeon
  9818 | D:10     | Found an opulent altar of Gozag.
  9889 | D:10     | Found a staircase to the Lair.
  9905 | D:10     | Found Kesang's Antique Armour Shoppe.
  9991 | D:10     | Found a glowing silver altar of Zin.
  9998 | D:10     | Noticed a white ugly thing
 10011 | D:10     | Killed a white ugly thing
 10082 | D:10     | Found a stormy altar of Qazlal.
 10107 | D:10     | Found a basalt altar of Yredelemnul.
 10132 | D:10     | Found a flagged portal.
 10136 | D:10     | Noticed a two-headed ogre
 10140 | D:10     | Reached XP level 12. HP: 111/114 MP: 15/15
 10151 | D:10     | Killed a two-headed ogre
 10151 | D:10     | Identified the +5 giant spiked club of Tiw Siuh {freeze,
                  | rPois rC+ Stlth+} (Okawaru gifted it to you on level 10 of
                  | the Dungeon)
 10151 | D:10     | Received a gift from Okawaru
 10161 | Bailey   | Entered a bailey
 10453 | Bailey   | Demolished by an orc knight

Illustrated notes

Levels and vault maps discovered:
D:1:      sevenhm_arrival_forest_fort_large_2, layout_basic,
          shapermc_ecumenical_altar_totnotflames, minivault_4
D:2:      layout_loops_cross, minmay_misc_feat_diagonals, uniq_jessica,
          uniq_sigmund
D:3:      layout_basic, supply_closet_lemuel
D:4:      layout_cave_pools, ebering_ghost_rock_garden
D:5:      layout_gridville, minmay_tree_intersection, uniq_edmund
D:6:      minmay_polygon_palace, layout_cave_pods,
          nicolae_elyvilon_peaceful_grove, lemuel_crystal_altar, temple_green
D:7:      layout_layer_cave, palyth_temple_overflow_mages, serial_shops,
          nicolae_take_the_stairs, uniq_prince_ribbit1
D:8:      minmay_the_grid_triangle_9x9_rhombus_full
          [minmay_the_grid_triangle_9x9_thin_v,
          minmay_the_grid_triangle_9x9_zippers_vertical,
          minmay_the_grid_triangle_9x9_pentomino_pain,
          minmay_the_grid_triangle_9x9_windchime,
          minmay_the_grid_triangle_9x9_wacky_v,
          minmay_the_grid_triangle_9x9_semitri,
          minmay_the_grid_triangle_9x9_corruption,
          minmay_the_grid_triangle_9x9_prize_special], layout_gridville,
          nicolae_uskayaw_dance_studio, cheibrodos_worm_habitat,
          gammafunk_temple_overflow_wave, worms_lemuel, uniq_joseph,
          uniq_harold, uniq_maurice, uniq_maggie
D:9:      layout_loops_ring, columned_hall_lemuel, uniq_erolcha
D:10:     layout_cave_pools, grunt_gozag_breadcrumbs, zin_scriptorium,
          mainiacjoe_overflow_small_starburst, lemuel_round_altar,
          enter_bailey_5, serial_shops, nicolae_shop_stone,
          kennysheep_generic_room_9
Temple:   compressed_dpeg_triangle_lava_temple
Bailey:   bailey_polearm_2, bailey

Skill      XL: |  1  2  3  4  5  6  7  8  9 10 11 12 |
---------------+-------------------------------------+-----
Fighting       | 3 4 5 6 |  6.0
Dodging        | 3 4 |  4.2
Shields        | 3 4 |  4.0
Unarmed Combat | 3 4 7 8 10 11 12 | 12.1
Throwing       | 1 4 5 6 7 |  7.7
Maces & Flails | 3 4 6 |  6.9
Invocations    | 2 4 5 |  5.9
Armour         | 2 |  2.3

Action                   |  1- 3 |  4- 6 |  7- 9 | 10-12 || total
-------------------------+-------+-------+-------+-------++-------
Melee: Unarmed           |    86 |    85 |   326 |   350 ||   847
       Eveningstar       |       |       |       |     6 ||     6
Throw: Large rock        |     2 |       |       |    18 ||    20
       Dart              |       |       |    69 |    35 ||   104
Invok: Heroism           |       |       |       |     5 ||     5
       Finesse           |       |       |       |     3 ||     3
  Use: Potion            |       |     1 |       |     1 ||     2
       Scroll            |       |       |    14 |     4 ||    18
 Stab: Sleeping          |       |       |     1 |       ||     1
       Distracted        |       |       |       |     2 ||     2
Armor: Robe              |    26 |    21 |    82 |     6 ||   135
       Steam dragon scal |       |       |       |    27 ||    27
       Swamp dragon scal |       |       |       |    45 ||    45
Dodge: Dodged            |    26 |    25 |   107 |   122 ||   280
Block: Kite shield       |    26 |    26 |    82 |   197 ||   331
